 Dungeon Crawl Stone Soup version 0.31.0-12-g77e489cdc1 (webtiles) character file.

Game seed: 15685324292265070713

4196 Killerpretzel the Mimic (level 10, -7/66 (69) HPs)
             Began as an Octopode Shapeshifter on Mar 1, 2024.
             Was a Believer of Vehumet.
             Mangled by a killer bee (10 damage)
             ... on level 9 of the Dungeon.
             The game lasted 00:25:30 (7478 turns).

Killerpretzel the Mimic (Octopode Shapeshifter)     Turns: 7478, Time: 00:25:30

HP:   -7/66 (69)    AC:  1    Str: 11    XL:     10   Next: 29%
MP:   10/10         EV: 22    Int: 13    God:    Vehumet [**....]
Gold: 89            SH:  0    Dex: 19    Spells: 9/9 levels left

rFire   + + .        g - +0 hand axe of the Building Gods {spect, +Blink rPois rN+ Str-2}
rCold   + . .        (no shield)
rNeg    + . .        (helmet currently unavailable)
rPois   +            l - amulet of regeneration
rElec   +            p - ring "Geohaur" {+Blink rPois EV+5 Dex+3}
rCorr   +            z - ring "Mijiec" {rF+ rCorr Stlth+}
SInv    .            (no ring)
Will    .....        (no ring)
Stlth   ++++         (no ring)
HPRegen 1.11/turn    (no ring)
MPRegen 0.12/turn    (no ring)
                     (no ring)

%: no passive effects
@: beast-form, resistant, lightly drained
A: beast (slay +4), almost no armour, amphibious, 8 rings, camouflage 1,
gelatinous body 1, (nimble swimmer 1), tentacles
a: Begin Untransformation, Renounce Religion, Evoke Blink


You were on level 9 of the Dungeon.
You worshipped Vehumet.
Vehumet was pleased with you.
You were a hulking beast.
You visited 2 branches of the dungeon, and saw 10 of its levels.

You collected 1525 gold pieces.
You spent 1436 gold pieces at shops.

Inventory:

Hand Weapons
 g - the +0 hand axe of the Building Gods (weapon) {spect, +Blink rPois rN+ Str-2}
   (You found it on level 7 of the Dungeon)

   Str-2:     It affects your strength (-2).
   rPois:     It protects you from poison rN+: It protects you from negative
   energy.
   +Blink:    It lets you blink.
Missiles
 i - a throwing net
 u - 3 boomerangs (quivered)
Jewellery
 e - a ring of ice
 h - an amulet of the acrobat
 l - an amulet of regeneration (around mantle)
 p - the ring "Geohaur" (left tentacle) {+Blink rPois EV+5 Dex+3}
   (You bought it in a shop on level 3 of the Dungeon)

   [ring of evasion]

   EV+5:      It affects your evasion (+5).
   Dex+3:     It affects your dexterity (+3).
   rPois:     It protects you from poison +Blink: It lets you blink.
 q - an amulet of magic regeneration
 z - the ring "Mijiec" (right tentacle) {rF+ rCorr Stlth+}
   (You bought it in a shop on level 3 of the Dungeon)

   [ring of protection from fire]

   rF+:       It protects you from fire.
   rCorr:     It protects you from acid and corrosion.
   Stlth+:    It makes you more stealthy.
 A - a ring of ice
Talismans
 b - a beast talisman
 c - a flux talisman
Wands
 t - a wand of paralysis (24)
 B - a wand of roots (4)
Scrolls
 a - 2 scrolls of vulnerability
 k - a scroll of revelation
 m - 2 scrolls of immolation
 r - 3 scrolls of brand weapon
 C - 2 scrolls of enchant weapon
Potions
 d - 2 potions of mutation
 j - 2 potions of attraction
 n - a potion of brilliance {unknown}
 o - a potion of invisibility {unknown}
 s - 2 potions of curing
 v - a potion of degeneration {unknown}
 w - a potion of resistance
 x - 2 potions of enlightenment {unknown}
 D - a potion of lignification


   Skills:
 + Level 6.6 Fighting
 + Level 6.8 Dodging
 + Level 7.2 Unarmed Combat
 * Level 9.0 Shapeshifting


You had 9 spell levels left.
You didn't know any spells.
Your spell library contained the following spells:

 Spells                   Type           Power      Damage    Failure   Level
 Static Discharge         Conj/Air       0%         3-3/arc   43%         2
 Inner Flame              Hex/Fire       0%         N/A       67%         3
 Flame Wave               Conj/Fire      0%         2d4       97%         4
 Sticky Flame             Fire/Alch      0%         2d4       97%         4
 Summon Forest            Summ/Tloc      0%         N/A       100%        5
 Summon Mana Viper        Hex/Summ       0%         N/A       100%        5
 Summon Cactus Giant      Summ           0%         N/A       100%        6


Dungeon Overview and Level Annotations

Branches:
Dungeon (9/15)             Temple (1/1) D:4            Lair (0/5) D:9
    Orc: D:9-12

Altars:
Ashenzari
Cheibriados
Dithmenos
Fedhas
Gozag
Kikubaaqudgha
Nemelex Xobeh
Okawaru
Qazlal
Ru
Sif Muna
Trog
Uskayaw
Vehumet
Wu Jian
Xom
Yredelemnul
Zin
The Shining One

Shops:
D:1 :??=   D:3 =

Annotations:
D:6 exclusion: steam dragon
D:8 exclusions: 3 electric eels and 3 more exclusions


Innate Abilities, Weirdness & Mutations

You are a hulking beast.
Your limbs bulge with bestial killing power. (Slay +4)
You cannot wear most types of armour.
You are amphibious.
You can wear up to eight rings at the same time.
Your skin changes colour to match your surroundings (Stealth+).
Your rubbery body absorbs attacks. (AC +1, EV +1)
((You are camouflaged when in or above water. (Stealth+)))
You have tentacles for arms and can constrict up to eight enemies at once.


Message History

A killer bee comes into view.
The wight misses you.
You see here 17 gold pieces.
The steam dragon attacks as it pursues you!
The steam dragon barely misses you. The steam dragon closely misses you.
The steam dragon bites you. The steam dragon misses you.
Items here: ))))) [[[ †.
You hit the steam dragon. Your squeeze misses the steam dragon.
The steam dragon is almost dead.
The wight misses you.
A howler monkey comes into view.
The steam dragon bites you! The steam dragon completely misses you.
The wight completely misses you.
You barely miss the steam dragon.
The killer bee buzzes angrily.
You squeeze the steam dragon.
You kill the steam dragon!
Vehumet accepts your kill.
You miss the killer bee.
Your +0 hand axe of the Building Gods {spect, +Blink rPois rN+ Str-2} hits the killer bee. x2
The killer bee barely misses your +0 hand axe of the Building Gods {spect, +Blink rPois rN+ Str-2}.
The killer bee completely misses you.
The killer bee stings your +0 hand axe of the Building Gods {spect, +Blink rPois rN+ Str-2}!
Your spectral weapon shares its damage with you!
* * * LOW HITPOINT WARNING * * *
The howler monkey hoots and howls with incredible vigour!
The killer bee misses you. x2
The killer bee barely misses your +0 hand axe of the Building Gods {spect, +Blink rPois rN+ Str-2}.
The wight misses you.
As you read the scroll of fog, it dissolves into smoke.
Your +0 hand axe of the Building Gods {spect, +Blink rPois rN+ Str-2} disappears.
The killer bee stings you!
* * * LOW HITPOINT WARNING * * *
The killer bee barely misses you. The killer bee misses you. x3
The wight barely misses you. The killer bee stings you.
* * * LOW HITPOINT WARNING * * *
The killer bee attacks as it pursues you!
The killer bee stings you!
You die...

######.####......#####+#.#
..# #.# #......#<......#
..# #.# #..#............#
..# ... ..##..#####.....#
..# #.. ................#
### #...####....#####...#
.... .#....§..#...#
..#...y§§.#...# ..#
...#§§hy§§.#)..#...#
#.§§§y###.....###
.....§§#yz.y........
.......#§............
........#....h........
.....###.....###.....#
#...# ......#.. #...#.
#...#.......#...#...# ..
#.......#...# ..#


You could see 4 killer bees.

Vanquished Creatures
  A komodo dragon (D:7)
  A hornet (D:7)
  3 yaks (D:8)
  2 acid dragons (D:8)
  2 steam dragons
  2 water moccasins (D:6)
  An ogre (D:7)
  A centaur (D:8)
  A phantom (D:7)
  4 kobold brigands
  2 bullfrogs
  3 scorpions
  8 wights
  7 killer bees
  3 howler monkeys (D:7)
  4 hounds
  A jelly (D:6)
  A bombardier beetle (D:3)
  An orc priest (D:8)
  A gnoll bouda (D:7)
  9 iguanas
  Ijyb (D:4)
  Terence (D:2)
  5 orc wizards
  2 sleepcaps
  8 adders
  5 gnolls
  A shadow imp (D:6)
  A white imp (D:5)
  4 dart slugs
  2 ribbon worms
  25 orcs
  6 ball pythons
  9 bats
  10 endoplasms
  3 giant cockroaches
  5 goblins
  10 hobgoblins
  2 quokkas (D:2)
  9 frilled lizards
  11 kobolds
  6 rats
184 creatures vanquished.

Notes
Turn   | Place    | Note
-------+----------+-------------------------------------------
     0 | D:1      | Killerpretzel the Octopode Shapeshifter began the quest for
                  | the Orb.
     0 | D:1      | Reached XP level 1. HP: 13/13 MP: 1/1
   106 | D:1      | Reached XP level 2. HP: 18/18 MP: 2/2
   259 | D:1      | Found Teydgh's Jewellery Boutique.
   323 | D:1      | Found Ublycor's Magic Scroll Boutique.
   366 | D:1      | Found Fidonan's Magic Scroll Shoppe.
   367 | D:1      | Found Zepludgh's Book Emporium.
   500 | D:1      | Reached XP level 3. HP: 14/23 MP: 3/3
  1130 | D:2      | Reached XP level 4. HP: 23/29 MP: 4/4
  1236 | D:2      | Noticed Terence
  1245 | D:2      | Killed Terence
  1554 | D:2      | Reached skill level 4 in Shapeshifting
  1554 | D:2      | Reached XP level 5. HP: 34/34 MP: 5/5
  1956 | D:3      | Found Cimnif's Jewellery Shoppe.
  2100 | D:3      | Found a snail-covered altar of Cheibriados.
  2110 | D:3      | Reached XP level 6. HP: 41/41 MP: 6/6
  2359 | D:4      | Found a staircase to the Ecumenical Temple.
  2368 | Temple   | Entered the Ecumenical Temple
  2377 | Temple   | Became a worshipper of Vehumet
  3008 | D:4      | Noticed Ijyb
  3023 | D:4      | Killed Ijyb
  3212 | D:4      | Identified a scroll of acquirement
  3212 | D:4      | Acquired 887 gold pieces
  3319 | D:3      | Bought the ring "Geohaur" {+Blink rPois EV+5 Dex+3} for 847
                  | gold pieces
  3420 | D:5      | Entered Level 5 of the Dungeon
  3579 | D:5      | Found an ornate altar of the Wu Jian Council.
  3629 | D:5      | Reached skill level 5 in Shapeshifting
  3629 | D:5      | Reached XP level 7. HP: 46/46 MP: 7/7
  4011 | D:6      | Noticed a steam dragon
  4079 | D:6      | Found an iron altar of Okawaru.
  4428 | D:6      | Reached * piety under Vehumet
  4428 | D:6      | Offered knowledge of Shock by Vehumet.
  4550 | D:6      | Reached XP level 8. HP: 52/54 MP: 8/8
  4803 | D:6      | Reached skill level 5 in Unarmed Combat
  4803 | D:6      | Reached skill level 6 in Shapeshifting
  4997 | D:7      | Noticed a hornet
  5032 | D:7      | Killed a hornet
  5081 | D:7      | Reached skill level 5 in Dodging
  5293 | D:7      | Found a shimmering blue altar of Sif Muna.
  5304 | D:7      | Reached skill level 7 in Shapeshifting
  5304 | D:7      | Reached XP level 9. HP: 17/60 MP: 9/9
  5330 | D:7      | Reached skill level 5 in Fighting
  5397 | D:7      | Noticed a komodo dragon
  5407 | D:7      | Killed a komodo dragon
  5440 | D:7      | Reached ** piety under Vehumet
  5443 | D:7      | Offered knowledge of Mercury Vapours by Vehumet.
  5591 | D:7      | Found a flagged portal.
  5622 | D:7      | Identified the +0 hand axe of the Building Gods {spect,
                  | +Blink rPois rN+ Str-2}
  5832 | D:3      | Bought the ring "Mijiec" {rF+ rCorr Stlth+} for 565 gold
                  | pieces
  5912 | D:1      | Bought a scroll of identify for 24 gold pieces
  6182 | D:8      | Reached skill level 8 in Shapeshifting
  6464 | D:8      | Reached XP level 10. HP: 48/68 MP: 10/10
  6552 | D:8      | Found a bloodstained altar of Trog.
  6566 | D:8      | Offered knowledge of Static Discharge by Vehumet.
  6793 | D:8      | Found a sacrificial altar of Ru.
  7381 | D:9      | Found a sparkling altar of Nemelex Xobeh.
  7395 | D:9      | Found a staircase to the Lair.
  7445 | D:9      | Reached skill level 9 in Shapeshifting
  7478 | D:9      | HP: 3/66 [killer bee (4)]
  7478 | D:9      | Mangled by a killer bee

Illustrated notes

Levels and vault maps discovered:
D:1:      eino_arrival_water_star, layout_loops_corners, serial_shops, shop,
          nicolae_shop_temple_entry_statues_fountains, shop, shop,
          minmay_box_of_dots
D:2:      layout_basic, grunt_ministairs_14, uniq_terence
D:3:      layout_rooms, cheibriados_altar_1, serial_shops,
          nicolae_shop_gaudy_bauble
D:4:      cheibrodos_old_hovel, layout_basic, minmay_temple_entry_junction,
          kennysheep_path_1, uniq_ijyb
D:5:      layout_loops_ring, pdpol_wu_jian_five_deadly_venoms
D:6:      layout_loops_ring, lemuel_doored_altar, hangedman_decor_points
D:7:      layout_cave_pools, nicolae_sif_muna_condensation, enter_bailey_2,
          minmay_holes, st_stairs_1, amcnicky_mini_rare_corridor_liquid,
          minivault_25, minmay_gold_behind_fungi, minmay_lizard_king
D:8:      layout_loops_ring, mainiacjoe_overflow_six_doors_small,
          mainiacjoe_overflow_concentric_impassable, serial_bayou,
          serial_bayou_pond_c, serial_bayou_crossing, serial_bayou_lake_a,
          serial_bayou_pond_b, serial_bayou_lagoon_a
D:9:      nicolae_hitomezashi [nicolae_hito_row, nicolae_hito_row,
          nicolae_hito_row, nicolae_hito_row, nicolae_hito_row,
          nicolae_hito_row, nicolae_hito_row, nicolae_hito_row,
          nicolae_hito_row, nicolae_hito_row, nicolae_hito_row,
          nicolae_hito_row, nicolae_hito_row, nicolae_hito_row,
          nicolae_hito_row, nicolae_hito_row, nicolae_hito_row,
          nicolae_hito_row], layout_basic, minmay_overflow_temple_star_quad,
          nemelex_diamond_rough_becter, erik_orc_1, supply_closet_lemuel
Temple:   hellmonk_temple_two_chambers

Skill      XL: |  1  2  3  4  5  6  7  8  9 10 |
---------------+-------------------------------+-----
Fighting       | 2 3 4 6 |  6.6
Shapeshifting  | 4 5 7 8 9 |  9.0
Dodging        | 3 4 5 6 |  6.8
Unarmed Combat | 4 5 6 7 |  7.2

Action                     |  1- 3 |  4- 6 |  7- 9 | 10-12 || total
---------------------------+-------+-------+-------+-------++-------
  Melee: Unarmed           |    65 |   115 |   144 |       ||   324
         Constrict         |    17 |    25 |    48 |    14 ||   104
         Tentacles         |    12 |    30 |    58 |    16 ||   116
         Punch             |     1 |     8 |    11 |     3 ||    23
         Hand axe          |       |       |    82 |    55 ||   137
  Evoke: Wand              |       |       |     1 |       ||     1
    Use: Scroll            |     4 |     6 |     8 |     2 ||    20
         Potion            |       |       |     5 |     2 ||     7
   Stab: Sleeping          |     9 |    13 |     3 |     1 ||    26
 Armour: Skin              |    21 |    30 |   109 |    38 ||   198
  Dodge: Dodged            |    33 |    69 |   175 |   119 ||   396
